 Dungeon Crawl Stone Soup version 0.31-a0-1327-g8c40ea976f (webtiles) character file.

Game seed: 3939444165613127741

12618 GreatBamboolord the Fighter (level 11, -5/120 HPs)
             Began as an Oni Gladiator on Dec 21, 2023.
             Was a High Priest of Ignis.
             Slain by a cyclops (27 damage)
             ... on level 11 of the Dungeon.
             The game lasted 00:28:18 (14192 turns).

GreatBamboolord the Fighter (Oni Gladiator)        Turns: 14192, Time: 00:28:18

Health: -5/120     AC:  7    Str: 20    XL:     11   Next: 96%
Magic:  18/18      EV: 12    Int: 20    God:    Ignis [*****.]
Gold:   895        SH:  5    Dex: 12    Spells: 5/20 levels left

rFire   + . .        b - +11 mace of Dullness {flame, Int+3}
rCold   . . .        (no shield)
rNeg    . . .        q - +0 steam dragon scales
rPois   +            c - +1 hat
rElec   .            (no cloak)
rCorr   .            (gloves unavailable)
SInv    .            (boots unavailable)
Will    +....        k - amulet of reflection
Stlth   +            A - +6 ring of intelligence
HPRegen 0.40/turn    K - ring of poison resistance
MPRegen 0.16/turn

%: reflection
@: no status effects
A: drunken brawling, large, unfitting armour, horns 1, tough skin 1, double
potion healing
a: Renounce Religion, Fiery Armour, Foxfire Swarm, Rising Flame


You were on level 11 of the Dungeon.
You worshipped Ignis.
Ignis was extremely pleased with you.
You visited 2 branches of the dungeon, and saw 12 of its levels.
You also visited: Sewer.

You collected 895 gold pieces.

Inventory:

Hand Weapons
 a - a +0 giant spiked club
 b - the +11 mace of Dullness (weapon) {flame, Int+3}
   (You found it on level 6 of the Dungeon)

   Int+3:     It affects your intelligence (+3).
 y - a +2 dire flail of protection
 H - a +0 mace of holy wrath
Missiles
 d - 4 throwing nets
 e - 193 stones
 g - 17 boomerangs (quivered)
 J - 3 atropa-tipped darts
 Q - 2 large rocks
Armour
 c - a +1 hat (worn)
 q - +0 steam dragon scales (worn)
 M - a +2 robe of cold resistance
Jewellery
 k - an amulet of reflection (around neck)
 A - a +6 ring of intelligence (left hand)
 K - a ring of poison resistance (right hand)
Wands
 o - a wand of roots (10)
 E - a wand of flame (11)
 I - a wand of acid (17)
 R - a wand of charming (4)
Scrolls
 f - 2 scrolls of poison
 j - 3 scrolls of fog
 n - a scroll of vulnerability
 r - 9 scrolls of teleportation
 w - 2 scrolls of summoning
 x - a scroll of fear
 C - a scroll of blinking
 D - 2 scrolls of noise
 G - a scroll of silence {unknown}
 N - a scroll of enchant armour
 O - a scroll of amnesia {unknown}
 P - 3 scrolls of torment
Potions
 h - a potion of attraction
 i - 2 potions of degeneration {unknown}
 l - 2 potions of curing
 m - 2 potions of heal wounds {unknown}
 p - 6 potions of mutation
 s - 3 potions of brilliance
 t - 4 potions of magic
 u - 3 potions of lignification
 v - 3 potions of might
 z - a potion of invisibility {unknown}
 B - 4 potions of haste {unknown}
 F - 2 potions of cancellation {unknown}
 L - a potion of enlightenment {unknown}


   Skills:
 * Level 11.5 Fighting
 * Level 9.2 Maces & Flails
 * Level 8.9 Throwing
 * Level 8.3 Dodging
 + Level 5.0 Spellcasting
 + Level 4.0 Translocations
 + Level 3.2 Air Magic


You had 5 spell levels left.
You knew the following spells:

 Your Spells              Type           Power      Damage    Failure   Level
a - Gell's Gravitas       Tloc           21%        N/A       7%          3
b - Teleport Other        Tloc           21%        N/A       7%          3
c - Vhi's Electric Charg  Tloc/Air       38%        N/A       26%         4
d - Lesser Beckoning      Tloc           42%        N/A       3%          2
e - Swiftness             Air            18%        N/A       9%          3

Your spell library contained the following spells:

 Spells                   Type           Power      Damage    Failure   Level
 Volatile Blastmotes      Fire/Tloc      26%        2d12      16%         3
 Ensorcelled Hibernation  Hex/Ice        10%        N/A       17%         2
 Jinxbite                 Hex            10%        N/A       17%         2
 Passwall                 Alch/Erth      4%         N/A       17%         2
 Dazzling Flash           Conj/Hex       10%        N/A       34%         3
 Ozocubu's Armour         Ice            5%         N/A       34%         3
 Iskenderun's Mystic Bla  Conj/Tloc      13%        2d5       45%         4
 Summon Lightning Spire   Summ/Air       11%        N/A       52%         4
 Animate Armour           Summ/Erth      10%        N/A       75%         4
 Fulminant Prism          Conj/Alch      2%         3d5       75%         4
 Ignite Poison            Fire/Alch      5%         N/A       75%         4
 Sticky Flame             Fire/Alch      5%         2d4       75%         4
 Arcjolt                  Conj/Air       5%         1d15      86%         5
 Lee's Rapid Deconstruct  Erth           2%         3d5*      97%         5
 Metabolic Englaciation   Hex/Ice        2%         N/A       97%         5
 Yara's Violent Unravell  Hex/Alch       2%         3d3       97%         5
 Dispersal                Tloc           10%        N/A       98%         6
 Simulacrum               Ice/Necr       2%         N/A       100%        6
 Starburst                Conj/Fire      2%         6d3       100%        6
 Enfeeble                 Hex            2%         N/A       100%        7
 Ignition                 Fire           2%         3d3       100%        8
 Maxwell's Capacitive Co  Air            9%         ∞         100%        8


Dungeon Overview and Level Annotations

Branches:
Dungeon (11/15)            Temple (1/1) D:5            Lair (0/5) D:8
    Orc (0/2) D:9           Sewer (visited)

Altars:
Ashenzari
Cheibriados
Dithmenos
Elyvilon
Fedhas
Gozag
Hepliaklqana
Kikubaaqudgha
Makhleb
Nemelex Xobeh
Okawaru
Qazlal
Ru
Sif Muna
Trog
Uskayaw
Vehumet
Wu Jian
Xom
Yredelemnul
Zin
The Shining One
Ignis

Shops:
D:6 =   D:10 :


Innate Abilities, Weirdness & Mutations

Whenever you drink a potion that restores your health or magic, you attack all enemies around you.
You are too large for most types of armour.
You have a pair of small horns on your head.
You have tough skin. (AC +1)
Whenever you drink a potion that restores your health or magic, it restores twice as much.


Message History

HP restored.
B - 4 fizzy pink potions (gained 1)
There is an open door here.
There is an open door, spattered with blood here.
Items here: )))) [[[ ††.
As you open the door, it creaks loudly!
You hear two shouts!
You hear a shout!
Found an escape hatch in the floor.
Found a stone staircase leading down.
There is an open door here.
A cyclops comes into view.
The cyclops shouts!
A two-headed ogre comes into view. It is wielding two +0 giant clubs.
The two-headed ogre shouts in stereo!
The cyclops throws a large rock.
The large rock hits you!!
There is an open door here.
You close the door.
You start resting.
A two-headed ogre opens the door.
It is wielding two +0 giant clubs.
The two-headed ogre hits you with a +0 giant club!
The two-headed ogre barely misses you.
There is a broken door here.
You hit the two-headed ogre. You burn the two-headed ogre.
You headbutt the two-headed ogre.
The two-headed ogre is lightly wounded.
The cyclops hits you!
Unknown command.
You sock the two-headed ogre! You burn the two-headed ogre.
Your headbutt misses the two-headed ogre.
The two-headed ogre is heavily wounded.
The two-headed ogre hits you with a +0 giant club! x2
You sock the two-headed ogre! You burn the two-headed ogre.
You headbutt the two-headed ogre.
The two-headed ogre is severely wounded.
You block the cyclops's attack.
The two-headed ogre hits you with a +0 giant club!
The two-headed ogre hits you with a +0 giant club!!
* * * LOW HITPOINT WARNING * * *
You bludgeon the two-headed ogre!! You burn the two-headed ogre!
You kill the two-headed ogre!
The cyclops hits you!!
You die...

#....#### ## +....##..
...####### #........
...#......#######........
.........................
.......###'#####'#####'#
#....#.....#.....# #..
#.>..#..##)#..#.)###.#
..##+##)@.#.##'.....'....
.......C#.##.†#..#..#.#.#
........#..#..#.....##..#
........###'#####'#####'#
........##...###...##....
..>.....##8.8##(....###.#
..##....+....†'.....'..#.
.. #....##8.8##.....###.#
#....##...###[.)##....


You could see a cyclops.

Vanquished Creatures
  Fannar (D:10)
  A centaur warrior (D:11)
  2 two-headed ogres
  2 boulder beetles (D:11)
  An ugly thing (D:11)
  A cyclops (D:11)
  An unseen horror (D:11)
  A troll (D:10)
  Grinder (D:4)
  A vampire (D:11)
  2 shadows
  6 yaks (D:11)
  5 wraiths
  A basilisk (D:9)
  A steam dragon (D:7)
  3 vampire mosquitoes (D:10)
  Menkaure (D:4)
  Duvessa (D:4)
  2 water moccasins
  2 orc warriors
  2 black bears (D:6)
  3 ice beasts
  A crocodile (Sewer)
  3 ogres
  5 centaurs
  6 kobold brigands
  A brain worm (Sewer)
  4 bullfrogs
  2 scorpions
  10 wights
  Dowan (D:4)
  16 killer bees
  3 howler monkeys
  3 electric eels (D:9)
  8 orc priests
  2 hounds
  5 iguanas
  2 gnoll boudas
  3 sleepcaps
  13 orc wizards
  Terence (D:2)
  A statue (D:6)
  7 gnolls
  12 adders
  5 river rats
  2 white imps
  An ufetubus (D:6)
  5 worms
  A dart slug (D:3)
  37 orcs
  4 endoplasms
  2 giant cockroaches
  9 goblins
  14 hobgoblins
  7 jackals
  18 kobolds
  10 quokkas
  10 ball pythons
  6 bats
  8 frilled lizards
  12 rats
  A spectral orc (D:7)
302 creatures vanquished.

Notes
Turn   | Place    | Note
-------+----------+-------------------------------------------
     0 | D:1      | GreatBamboolord the Oni Gladiator began the quest for the
                  | Orb.
     0 | D:1      | Reached XP level 1. HP: 22/22 MP: 1/1
   113 | D:1      | Reached skill level 3 in Fighting
   113 | D:1      | Gained mutation: Whenever you drink a potion that restores
                  | your health or magic, it restores twice as much. [Oni
                  | growth]
   113 | D:1      | Gained mutation: You have a pair of small horns on your
                  | head. [Oni growth]
   113 | D:1      | Gained mutation: You have tough skin. (AC +1) [Oni growth]
   113 | D:1      | Reached XP level 2. HP: 30/31 MP: 2/2
   270 | D:1      | Reached XP level 3. HP: 36/37 MP: 3/3
   623 | D:2      | Found a sparkling altar of Nemelex Xobeh.
  1062 | D:2      | Reached XP level 4. HP: 24/46 MP: 4/4
  1255 | D:2      | Found a faded altar of an unknown god.
  1280 | D:2      | Prayed at the altar of an unknown god.
  1280 | D:2      | Became a worshipper of Ignis, the Dying Flame
  1413 | D:2      | Noticed Terence
  1429 | D:2      | Killed Terence
  2098 | D:3      | Reached skill level 4 in Fighting
  2098 | D:3      | Reached XP level 5. HP: 49/54 MP: 5/5
  2846 | D:4      | Noticed Dowan
  2847 | D:4      | Noticed Duvessa
  2869 | D:4      | Killed Duvessa
  2870 | D:4      | Reached XP level 6. HP: 15/65 MP: 6/6
  2885 | D:4      | Killed Dowan
  2886 | D:4      | Reached skill level 5 in Fighting
  3171 | D:4      | Reached XP level 7. HP: 32/72 MP: 7/7
  3379 | D:4      | Noticed Menkaure
  3380 | D:4      | Killed Menkaure
  3521 | D:4      | Noticed Grinder
  3528 | D:4      | Paralysed by Grinder for 3 turns
  3540 | D:4      | Killed Grinder
  3541 | D:4      | Reached skill level 6 in Fighting
  3541 | D:4      | Reached skill level 5 in Maces & Flails
  4340 | D:5      | Entered Level 5 of the Dungeon
  4376 | D:5      | Found a staircase to the Ecumenical Temple.
  4383 | D:5      | Reached XP level 8. HP: 77/84 MP: 8/8
  4397 | Temple   | Entered the Ecumenical Temple
  4552 | D:5      | Reached skill level 5 in Dodging
  4717 | D:5      | Reached skill level 5 in Throwing
  4954 | D:5      | Reached skill level 7 in Fighting
  5035 | D:5      | Found an opulent altar of Gozag.
  5707 | D:6      | Found Exiafema's Jewellery Boutique.
  5875 | D:6      | Found a glowing drain.
  5879 | Sewer    | Entered a sewer
  5992 | Sewer    | Reached XP level 9. HP: 91/96 MP: 9/9
  6001 | Sewer    | Learned a level 3 spell: Gell's Gravitas
  6086 | Sewer    | Learned a level 3 spell: Teleport Other
  6260 | Sewer    | Reached skill level 8 in Fighting
  6860 | D:6      | Reached skill level 1 in Spellcasting
  6971 | D:6      | Found a radiant altar of Vehumet.
  7014 | D:6      | Found an iron altar of Okawaru.
  7020 | D:6      | Identified the +11 mace of Dullness {flame, Int+3}
  7093 | D:6      | Reached skill level 1 in Translocations
  7738 | D:7      | Reached skill level 9 in Fighting
  8014 | D:7      | Learned a level 4 spell: Vhi's Electric Charge
  8096 | D:7      | Reached XP level 10. HP: 94/107 MP: 13/13
  8195 | D:7      | Found a sparkling altar of Nemelex Xobeh.
  8268 | D:7      | Found a white marble altar of Elyvilon.
  8344 | D:7      | Found a basalt altar of Yredelemnul.
  8507 | D:8      | Found a stormy altar of Qazlal.
  8873 | D:8      | Reached skill level 1 in Air Magic
  9157 | D:8      | Found a staircase to the Lair.
  9239 | D:9      | Found a staircase to the Orcish Mines.
 10079 | D:9      | Found a glowing silver altar of Zin.
 10277 | D:9      | Found an ancient bone altar of Kikubaaqudgha.
 10521 | D:9      | Reached skill level 10 in Fighting
 10801 | D:10     | Entered Level 10 of the Dungeon
 10942 | D:10     | Noticed Fannar
 10973 | D:10     | Killed Fannar
 11338 | D:10     | Reached XP level 11. HP: 110/119 MP: 16/16
 11366 | D:10     | Found Izugita's Book Shop.
 11419 | D:10     | Learned a level 2 spell: Lesser Beckoning
 11423 | D:10     | Learned a level 3 spell: Swiftness
 11958 | D:10     | Noticed a two-headed ogre
 11964 | D:10     | Killed a two-headed ogre
 12232 | D:10     | Found a hide-covered altar of Uskayaw.
 12249 | D:10     | Found an ornate altar of the Wu Jian Council.
 12250 | D:10     | Found a shimmering blue altar of Sif Muna.
 12726 | D:11     | Identified the +3 trident of Myed Witz {freeze, rPois Will+
                  | Str+2 Stlth+}
 12864 | D:11     | Noticed a cyan ugly thing
 12866 | D:11     | Noticed a centaur warrior
 12868 | D:11     | Noticed a boulder beetle
 12875 | D:11     | Killed a cyan ugly thing
 12893 | D:11     | Killed a boulder beetle
 12894 | D:11     | Reached skill level 11 in Fighting
 12900 | D:11     | Killed a centaur warrior
 13559 | D:11     | Noticed a boulder beetle
 13574 | D:11     | Killed a boulder beetle
 14023 | D:11     | Noticed a cyclops
 14028 | D:11     | Killed a cyclops
 14086 | D:11     | Reached skill level 5 in Spellcasting
 14178 | D:11     | Noticed a cyclops
 14179 | D:11     | Noticed a two-headed ogre
 14192 | D:11     | Killed a two-headed ogre
 14192 | D:11     | Slain by a cyclops

Illustrated notes

Levels and vault maps discovered:
D:1:      shiori_shiawase, layout_rooms
D:2:      layout_loops_ring, basic_altar,
          shapermc_ecumenical_altar_totnotflames, uniq_terence
D:3:      layout_basic, guppyfry_early_orc_mine
D:4:      minmay_general_purpose_star, layout_loops_ring, uniq_duvessa,
          uniq_grinder, uniq_menkaure
D:5:      layout_loops_ring, grunt_gozag_breadcrumbs,
          minmay_temple_entry_offerings
D:6:      layout_loops_ring, okawaru_ov_weapons_minmay, vehumet_statue,
          gup_sewer_entry_spiral, nicolae_stop_n_shop_1
D:7:      layout_cave_pools, mainiacjoe_overflow_chevrons,
          yredelemnul_forgotten_temple_becter, mainiacjoe_overflow_alcove_1
D:8:      layout_basic, mainiacjoe_overflow_cross_hatched, lair_entry_dummy
D:9:      layout_loops_corners, nicolae_kikubaaqudgha_miasma_corner,
          mainiacjoe_overflow_24_doors, orc_0_dummy, disabler_island
D:10:     layout_cave_pods, minitemple, serial_shops, nicolae_shop_hallway_plus,
          uniq_fannar
D:11:     minmay_the_grid_square_5x5_3x3 [minmay_the_grid_square_5x5_hourglass,
          minmay_the_grid_square_5x5_two_walls_b,
          minmay_the_grid_square_5x5_minivault, minmay_the_grid_square_5x5_comb,
          minmay_the_grid_square_5x5_megaprize_hollow,
          minmay_the_grid_square_5x5_fancy_junction,
          minmay_the_grid_square_5x5_forky,
          minmay_the_grid_square_5x5_broken_cross,
          minmay_the_grid_square_5x5_dogpile], layout_gridville
Temple:   dpeg_chambers_temple

Skill      XL: |  1  2  3  4  5  6  7  8  9 10 11 |
---------------+----------------------------------+-----
Fighting       | 3 4 5 6 7 9 10 11 | 11.5
Dodging        | 3 4 5 6 7 8 |  8.3
Throwing       | 3 4 5 6 7 8 |  8.9
Maces & Flails | 4 5 6 7 8 9 |  9.2
Spellcasting   | 2 3 5 |  5.0
Translocations | 2 3 4 |  4.0
Air Magic      | 2 3 |  3.2

Action                     |  1- 3 |  4- 6 |  7- 9 | 10-12 || total
---------------------------+-------+-------+-------+-------++-------
  Melee: Flail             |   107 |   127 |    79 |       ||   313
         Headbutt          |    15 |    19 |    67 |    77 ||   178
         Punch             |     1 |       |     3 |     3 ||     7
         Giant spiked club |       |       |   162 |       ||   162
         Mace              |       |       |    84 |   312 ||   396
  Throw: Boomerang         |    20 |    24 |     9 |    31 ||    84
         Large rock        |       |       |     1 |       ||     1
   Cast: Teleport Other    |       |       |       |     1 ||     1
         Gell's Gravitas   |       |       |       |     1 ||     1
 Invoke: Fiery Armour      |       |     2 |       |       ||     2
    Use: Scroll            |       |     5 |     9 |     5 ||    19
         Potion            |       |       |     2 |    10 ||    12
   Stab: Sleeping          |     1 |     1 |     2 |     1 ||     5
 Armour: Robe              |    70 |    72 |    81 |       ||   223
         Steam dragon scal |       |       |   141 |   288 ||   429
  Dodge: Dodged            |    66 |    57 |   186 |   152 ||   461
  Block: Other             |    18 |    23 |    57 |    66 ||   164
         Reflection        |       |     1 |     1 |     1 ||     3

Table legend: (Time is in decaauts)
 A = Elapsed time spent in this place.
 B = Non-inter-level travel time spent in this place.
 C = Inter-level travel time spent in this place.
 D = Time resting spent in this place.
 E = Time spent auto-exploring this place.
 F = Levels seen in this place.
 G = Mean time per level.
                   A        B        C        D        E       F      G
               +--------+--------+--------+--------+--------+-----+--------+
         Total |  14369 |  13589 |    780 |   2184 |   8568 |  13 | 1105.3 |
       Dungeon |  13415 |  12635 |    780 |   2153 |   8013 |  11 | 1219.5 |
        Temple |      5 |      5 |      0 |      4 |      0 |   1 |    5.0 |
         Sewer |    948 |    948 |      0 |     27 |    555 |   1 |  948.0 |
               +--------+--------+--------+--------+--------+-----+--------+

Top non-repeatable levels by time:
    D:10: 1826 daAuts
    D:11: 1578 daAuts
     D:9: 1575 daAuts
     D:5: 1393 daAuts
     D:2: 1252 daAuts
     D:3: 1244 daAuts
     D:4: 1240 daAuts
   Sewer: 948 daAuts
     D:6: 931 daAuts
     D:7: 927 daAuts
     D:8: 774 daAuts
     D:1: 670 daAuts
  Temple: 5 daAuts
